 Dungeon Crawl Stone Soup version 0.16.2-12-gd0ad4c3 (webtiles) character file.

2026 Fehler the Slinger (level 9, -5/41 HPs)
             Began as a Spriggan Artificer on Sept 9, 2015.
             Was an Initiate of Gozag.
             Killed from afar by Dowan (13 damage)
             ... with a puff of frost
             ... on level 7 of the Dungeon on Sept 10, 2015.
             The game lasted 02:20:07 (7781 turns).

Fehler the Slinger (Spriggan Artificer)             Turns: 7781, Time: 02:20:07

Health: -5/41      AC:  4    Str:  8    XL:     9   Next: 3%
Magic:  23/23      EV: 22    Int: 15    God:    Gozag
Gold:   508        SH:  0    Dex: 17    Spells: 1 memorised, 9 levels left

rFire  . . .     SeeInvis +     a - +1 short sword
rCold  . . .     Clarity  .     E - +2 robe {rN+}
rNeg   + . .     SustAb   .     (shield restricted)
rPois  .         Gourm    .     (helmet restricted)
rElec  .         Spirit   .     (no cloak)
rCorr  .         Warding  .     (gloves unavailable)
rMut   .         Stasis   .     (boots unavailable)
MR     +....                    (no amulet)
Stlth  +++.......               (no ring)
                                (no ring)

@: about to teleport, very quick, somewhat resistant to hostile enchantments,
fairly stealthy
A: unfitting armour, see invisible, herbivore 3, speed 3, slow metabolism 2
a: Potion Petition, Call Merchant, Bribe Branch, Renounce Religion


You were on level 7 of the Dungeon.
You worshipped Gozag.
Gozag was noncommittal.
You were not hungry.

You visited 2 branches of the dungeon, and saw 8 of its levels.
You also visited: Sewer.

You collected 841 gold pieces.
You spent 220 gold pieces at shops.
You paid 113 gold pieces to Gozag.

Inventory:

Hand weapons
 a - a +1 short sword (weapon)
 g - a +1 hunting sling
 j - a +1 hunting sling of velocity
 r - a +2 dagger of protection
 t - a +0 blowgun
 v - a cursed -3 short sword
Missiles
 h - 130 stones (quivered)
 w - 35 poisoned needles
Armour
 s - a +2 robe of magic resistance
 E - a +2 robe of positive energy (worn)
Magical devices
 b - a wand of flame (0)
 c - a wand of enslavement (0)
 d - a wand of random effects (0)
 l - a wand of slowing (6)
 o - a wand of magic darts (0)
 x - a wand of flame (15)
 y - a wand of frost (20)
 D - a wand of disintegration (11)
Scrolls
 e - a scroll of blinking
 i - 4 scrolls of remove curse
 n - a scroll of magic mapping
 q - a scroll of teleportation
 u - a scroll of fog
 H - a scroll of identify
Potions
 k - a potion of cancellation {unknown}
 m - 2 potions of flight {unknown}
 p - 3 potions of brilliance
 z - 2 potions of poison {unknown}
 C - a potion of magic {unknown}
Books
 G - a book of Necromancy

   Spells                             Type                      Level
   a - Pain                           Necromancy                   1
   b - Animate Skeleton               Necromancy                   1
   c - Vampiric Draining              Necromancy                   3
   d - Regeneration                   Charms/Necromancy            3
   e - Animate Dead                   Necromancy                   4
   f - Control Undead                 Necromancy                   4
Comestibles
 f - 4 bread rations
 F - 2 fruits
 J - a royal jelly


   Skills:
 + Level 1.5 Fighting
 + Level 2.2 Short Blades
 + Level 11.1(11.2) Slings
 + Level 1.3(6.6) Throwing
 + Level 6.5 Dodging
 + Level 4.0 Stealth
 + Level 1.2 Spellcasting
 + Level 1.0 Necromancy
 + Level 6.3 Evocations


You had 9 spell levels left.
You knew the following spells:

 Your Spells              Type           Power        Failure   Level  Hunger
a - Pain                  Necr           #...         17%         1    ##.....


Dungeon Overview and Level Annotations

Branches:
Dungeon (7/15)             Temple (1/1) D:5

Altars:
Ashenzari
Cheibriados
Dithmenos
Elyvilon
Fedhas
Gozag
Kikubaaqudgha
Makhleb
Nemelex Xobeh
Okawaru
Ru
Trog
Xom
Yredelemnul
Zin
The Shining One

Shops:
D:6 [

Annotations:
D:4 Bolverk's ghost, average MiHu
D:7 Dowan; Duvessa


Innate Abilities, Weirdness & Mutations

You are tiny and cannot use many weapons and most armour.
You have supernaturally acute eyesight.
You are a herbivore.
You cover ground extremely quickly.
You need consume almost no food.


Message History

Dowan casts a spell at you. The puff of frost hits you!
You hit Duvessa but do no damage.
Duvessa is almost dead.
Duvessa barely misses you.
You hit Duvessa but do no damage.
Duvessa is almost dead.
Duvessa hits you with a short sword! Duvessa hits you with a short sword.
Dowan hits you with a short sword.
Read which item? (? for menu, Esc to quit)
As you read the scroll of teleportation, it crumbles to dust.
You feel strangely unstable. Duvessa hits you with a short sword.
* * * LOW HITPOINT WARNING * * *
Dowan casts a spell at Duvessa.
Duvessa seems to speed up.
Dowan says, "Magic and the sword, together, will defeat you."
Dowan casts a spell at you. The puff of frost hits you!
You die...
Your body crumbles into a pile of gold.

......# ###..# ###.##
......# #....# #.#
......# #.##.#########
#.# ......# #.
#........># #.# ......#
#. #.........# #.#
......# .##.e..(....# #.#
......# .#...e......# #.#
......# .#.#...(....# #.#
......# ##.#.#@.(.....#
#.#
.)....#####..#.#........#
#.#
.#######....##.#.#.######
#.# .######.....##.....#
#.# ....((.(...(ยง.....##
#.# .#####......#.(..##
#.# .###....(..##....#
#.# .....##(#####...##
##.# ....###.# #...# #..#


You could see Duvessa and Dowan.

Vanquished Creatures
  Edmund (D:6)
  An orc warrior (D:3)
  3 ice beasts
  2 sky beasts
  3 ogres
  3 big kobolds (Sewer)
  A giant frog (D:6)
  3 scorpions
  4 crimson imps
  An orc priest (D:6)
  A hound (D:7)
  2 orc wizards
  7 worker ants
  3 gnolls
  3 river rats (Sewer)
  6 adders
  3 giant mites (D:3)
  5 worms
  An adder zombie (D:5)
  An adder skeleton (D:4)
  An ooze (Sewer)
  14 orcs
  12 bats
  A bat skeleton (D:6)
  9 hobgoblins
  A jackal (D:3)
  2 quokkas
  5 ball pythons (Sewer)
  2 giant cockroaches
  3 giant geckos
  7 giant newts
  11 goblins
  23 kobolds
  A quokka zombie (D:5)
  30 rats
176 creatures vanquished.

Vanquished Creatures (collateral kills)
  Ijyb (D:3)
  A giant gecko (D:3)
  A hobgoblin (D:3)
  A jackal (D:3)
  2 giant cockroaches (D:3)
  3 rats
9 creatures vanquished.

Vanquished Creatures (others)
  A giant cockroach (D:3)
  A goblin (D:1)
  2 jackals (D:3)
  A rat (Sewer)
5 creatures vanquished.

Grand Total: 190 creatures vanquished

Notes
Turn   | Place    | Note
--------------------------------------------------------------
     0 | D:1      | Fehler, the Spriggan Artificer, began the quest for the Orb.
     0 | D:1      | Reached XP level 1. HP: 9/9 MP: 2/2
   397 | D:2      | Reached XP level 2. HP: 9/14 MP: 5/5
   480 | D:2      | Reached skill level 1 in Fighting
   480 | D:2      | Reached skill level 1 in Slings
   973 | D:2      | Reached XP level 3. HP: 18/18 MP: 8/8
  1289 | D:3      | Noticed Ijyb
  1313 | D:3      | Killed Ijyb
  1368 | D:3      | Reached skill level 5 in Evocations
  1378 | D:3      | Reached XP level 4. HP: 13/22 MP: 11/11
  1688 | D:3      | Found a glowing drain.
  1694 | Sewer    | Entered a sewer
  1746 | Sewer    | Noticed a big kobold
  1767 | Sewer    | Killed a big kobold
  1767 | Sewer    | Reached XP level 5. HP: 25/25 MP: 14/14
  2298 | Sewer    | Noticed a big kobold
  2298 | Sewer    | Noticed a big kobold
  2339 | Sewer    | Killed a big kobold
  2351 | Sewer    | Killed a big kobold
  2351 | Sewer    | Reached skill level 5 in Slings
  2351 | Sewer    | Reached XP level 6. HP: 30/30 MP: 17/17
  3142 | D:3      | Found an opulent altar of Gozag.
  3161 | D:3      | Became a worshipper of Gozag Ym Sagoz the Greedy
  3321 | D:3      | Reached skill level 6 in Slings
  3321 | D:3      | Reached XP level 7. HP: 20/33 MP: 18/20
  3413 | D:4      | Noticed Bolverk's ghost (average MiHu)
  3709 | D:4      | Reached skill level 5 in Dodging
  3817 | D:4      | Reached skill level 7 in Slings
  4278 | D:4      | Found a burning altar of Makhleb.
  4278 | D:4      | Found an ancient bone altar of Kikubaaqudgha.
  4328 | D:5      | Entered Level 5 of the Dungeon
  4351 | D:5      | Upgraded the game from 0.16.2-3-ga078185 to 0.16.2-12-gd0ad4c3
  4653 | D:5      | Reached skill level 8 in Slings
  5029 | D:5      | Reached XP level 8. HP: 37/37 MP: 21/21
  5279 | D:5      | Reached skill level 9 in Slings
  5356 | D:5      | Found a staircase to the Ecumenical Temple.
  5362 | Temple   | Entered the Ecumenical Temple
  5802 | D:6      | Found a glowing golden altar of the Shining One.
  6001 | D:6      | You fall through a shaft!
  6012 | D:6      | Found Rathro's Armour Boutique.
  6113 | D:6      | Reached skill level 10 in Slings
  6361 | D:6      | Bought a +2 robe of positive energy for 220 gold pieces
  6606 | D:6      | Learned a level 1 spell: Pain
  6816 | D:6      | Noticed Edmund
  6846 | D:6      | Killed Edmund
  6998 | D:6      | Reached skill level 1 in Throwing
  7250 | D:6      | Reached skill level 11 in Slings
  7250 | D:6      | Reached skill level 1 in Spellcasting
  7250 | D:6      | Reached skill level 1 in Necromancy
  7442 | D:7      | Found a snail-covered altar of Cheibriados.
  7563 | D:7      | Noticed Duvessa
  7574 | D:7      | Reached XP level 9. HP: 41/41 MP: 23/23
  7700 | D:7      | Noticed Dowan
  7781 | D:7      | Killed from afar by Dowan

Action                   |  1- 3 |  4- 6 |  7- 9 || total
-------------------------+-------+-------+-------++-------
Melee: Short sword       |    21 |    36 |   124 ||   181
 Fire: Hunting sling     |    71 |   201 |   374 ||   646
       Blowgun           |       |       |    19 ||    19
Throw: Stone             |       |     7 |       ||     7
 Cast: Pain              |       |       |     9 ||     9
Evoke: Wand              |    27 |    29 |    17 ||    73
  Use: Scroll            |     5 |     4 |     7 ||    16
       Potion            |       |     8 |    10 ||    18
 Stab: Paralysed         |     1 |       |     1 ||     2
       Sleeping          |       |       |     6 ||     6
  Eat: Pizza             |       |       |     1 ||     1
       Bread ration      |       |       |     1 ||     1
